Map: Overgrowth LE (Void)

Players

Loken - Winner!

  • Race: Protoss Protoss
  • League: Platinum
  • Spawn Location: 1:00

FrogMint

  • Race: Zerg Zerg
  • Spawn Location: 7:00

VOD

Have the link to the VOD?

Description

Time

  • Played on: March 17, 2017, 5:26 p.m.
  • Length: 15:29
Show
View Real Time Build Order
Export as new Build Order

Loken Protoss - Winner!

Build Orders: Oracle Opening 

Get SALT Encoding   

  12  0:01  Probe (Chrono Boost)  
  13  0:12  Probe (Chrono Boost)  
  14  0:22  Probe (Chrono Boost)  
  14  0:26  Pylon  
  15  0:44  Probe (Chrono Boost)  
  15  0:47  Gateway  
  16  0:53  Assimilator  
  16  0:55  Probe (Chrono Boost)  
  17  0:57  Assimilator  
  17  1:05  Probe (Chrono Boost)  
  18  1:16  Probe (Chrono Boost)  
  19  1:27  Gateway, Probe (Chrono Boost)  
  20  1:37  Cybernetics Core, Probe (Chrono Boost)  
  21  1:41  Pylon  
  21  1:46  Zealot  
  23  1:57  Pylon  
  23  2:09  Pylon  
  23  2:15  Warp Gate  
  23  2:16  Probe (Chrono Boost)  
  23  2:17  Adept  
  26  2:25  Stargate  
  26  2:27  Probe (Chrono Boost)  
  27  2:31  Adept  
  29  2:42  Probe (Chrono Boost)  
  30  2:44  Adept  
  32  2:58  Adept  
  34  3:09  Pylon  
  34  3:11  Adept, Oracle  
  39  3:33  Nexus  
  39  3:42  Pylon  
  39  3:52  Oracle  
  42  4:12  Probe (Chrono Boost)  
  43  4:23  Probe (Chrono Boost)  
  44  4:33  Probe (Chrono Boost)  
  43  4:44  Probe (Chrono Boost)  
  36  4:54  Probe (Chrono Boost)  
  37  5:01  Zealot x2  
  37  5:03  Oracle  
  37  5:06  Probe (Chrono Boost)  
  43  5:16  Probe (Chrono Boost)  
  44  5:26  Zealot x2  
  44  5:27  Probe (Chrono Boost)  
  45  5:35  Probe (Chrono Boost)  
  44  5:37  Probe (Chrono Boost)  
  44  5:41  Oracle  
  48  5:45  Probe (Chrono Boost)  
  48  5:48  Probe (Chrono Boost)  
  50  5:51  Zealot x2  
  50  5:56  Probe (Chrono Boost)  
  55  5:58  Probe (Chrono Boost)  
  55  5:59  Pylon  
  55  6:02  Pylon  
  56  6:06  Probe (Chrono Boost)  
  56  6:09  Probe (Chrono Boost)  
  58  6:13  Gateway  
  58  6:14  Gateway  
  58  6:17  Probe (Chrono Boost)  
  59  6:19  Probe (Chrono Boost)  
  60  6:27  Probe (Chrono Boost)  
  60  6:30  Probe (Chrono Boost)  
  62  6:38  Probe (Chrono Boost)  
  51  6:50  Void Ray  
  55  6:54  Assimilator  
  55  6:58  Assimilator  
  55  7:00  Forge  
  55  7:01  Forge  
  55  7:05  Pylon  
  55  7:06  Pylon  
  55  7:13  Twilight Council  
  55  7:16  Zealot x4  
  63  7:32  Void Ray  
  67  7:39  Probe (Chrono Boost), Nexus  
  67  7:40  Probe (Chrono Boost)  
  69  7:49  Probe (Chrono Boost)  
  69  7:51  Photon Cannon, Probe (Chrono Boost)  
  71  7:52  Photon Cannon  
  71  8:00  Photon Cannon, Probe (Chrono Boost)  
  71  8:02  Probe (Chrono Boost)  
  73  8:11  Probe (Chrono Boost)  
  73  8:12  Probe (Chrono Boost)  
  74  8:17  Charge  
  74  8:38  Protoss Ground Weapons Level 1, Protoss Ground Armor Level 1  
  74  8:40  Stalker x4  
  82  8:42  Void Ray  
  82  9:09  Stalker x4  
  90  9:20  Probe x3 (Chrono Boost)  
  93  9:30  Probe x3 (Chrono Boost)  
  96  9:35  Assimilator  
  95  9:39  Assimilator  
  95  9:41  Pylon, Probe x3 (Chrono Boost)  
  95  9:44  Pylon  
  95  9:45  Sentry x4  
  106  9:51  Probe (Chrono Boost)  
  107  9:58  Pylon  
  107  10:01  Pylon  
  107  10:05  Gateway x2  
  109  10:07  Probe x3 (Chrono Boost)  
  109  10:08  Gateway  
  110  10:17  Probe x2 (Chrono Boost)  
  110  10:20  Stalker  
  110  10:21  Stalker x2  
  116  10:22  Stalker  
  94  11:04  Stalker x4  
  94  11:07  Void Ray  
  84  11:28  Pylon  
  80  11:35  Probe x3 (Chrono Boost)  
  80  11:36  Templar Archives  
  80  11:39  Protoss Ground Weapons Level 2, Protoss Ground Armor Level 2  
  81  11:45  Probe x2 (Chrono Boost)  
  81  11:46  Probe (Chrono Boost)  
  78  11:48  Zealot x4, Protoss Air Weapons Level 1  
  78  11:49  Zealot x3  
  78  11:50  Void Ray  
  96  11:56  Probe x2 (Chrono Boost)  
  98  12:11  Pylon  
  98  12:13  Pylon  
  98  12:14  Stalker x4  
  98  12:15  Stalker x3  
  112  12:27  Robotics Facility  
  112  12:28  Robotics Facility  
  112  12:44  High Templar x5  
  122  12:52  Zealot x2  
  122  12:57  Archon x2  
  126  13:03  Psionic Storm  
  126  13:16  Pylon  
  126  13:18  Pylon  
  128  13:20  Observer x2, Photon Cannon x2  
  128  13:23  High Templar  
  128  13:26  Zealot x5  
  128  13:27  Zealot  
  142  13:35  Archon  
  142  13:50  Zealot  
  142  13:52  Zealot x4  
  142  13:53  Zealot  
  138  14:24  Zealot x5  
  130  14:25  Zealot x2  
  82  15:04  Stalker x3  
  82  15:05  Stalker x4  
Show
View Real Time Build Order
Export as new Build Order

FrogMint Zerg 

Build Orders: Hatch First 

Get SALT Encoding   

  12  0:01  Drone  
  13  0:12  Overlord  
  13  0:17  Drone  
  14  0:31  Drone x2  
  16  0:37  Drone  
  17  0:56  Drone  
  18  0:57  Hatchery  
  17  1:04  Drone  
  17  1:09  Extractor  
  17  1:20  Drone  
  18  1:28  Spawning Pool  
  18  1:32  Drone x2  
  19  1:41  Drone  
  20  1:52  Drone  
  21  2:01  Overlord  
  21  2:17  Drone x2  
  21  2:20  Metabolic Boost  
  23  2:25  Queen  
  23  2:26  Queen  
  23  2:27  Drone  
  23  2:28  Drone  
  29  2:32  Drone  
  30  2:37  Overlord  
  30  2:41  Drone  
  31  2:47  Overlord  
  31  2:54  Extractor  
  31  2:55  Drone  
  31  3:01  Drone  
  32  3:06  Zergling x2  
  32  3:07  Zergling x2  
  34  3:13  Drone  
  34  3:16  Overlord  
  35  3:24  Queen  
  37  3:35  Drone x2  
  39  3:43  Drone x5  
  39  3:44  Drone x2  
  46  3:51  Drone  
  46  3:53  Lair  
  47  3:59  Hatchery  
  46  4:03  Roach Warren  
  46  4:19  Zergling x2  
  46  4:20  Zergling x18  
  49  4:49  Queen  
  33  5:08  Spore Crawler  
  33  5:13  Queen  
  29  5:24  Queen  
  27  5:43  Drone  
  27  5:44  Drone x2  
  27  5:49  Drone x3  
  34  5:50  Drone  
  36  5:57  Roach x3, Spore Crawler  
  36  6:00  Queen  
  41  6:04  Hatchery  
  40  6:19  Drone  
  40  6:23  Drone x8  
  46  6:41  Queen  
  46  6:43  Ravager x2  
  46  6:44  Ravager  
  49  6:51  Queen, Spore Crawler  
  49  6:53  Roach x5  
  60  6:57  Overlord  
  60  7:10  Overlord x2  
  60  7:21  Zergling x2  
  61  7:27  Overlord  
  61  7:28  Overlord  
  61  7:46  Drone x7  
  68  8:02  Zergling x2  
  68  8:03  Zergling x14  
  76  8:06  Queen  
  76  8:10  Drone  
  79  8:14  Glial Reconstitution  
  77  8:39  Hydralisk Den  
  77  8:40  Drone x2  
  78  8:59  Zergling x2  
  71  9:11  Hydralisk x4  
  71  9:12  Hydralisk x5  
  71  9:15  Overlord x2  
  89  9:23  Drone x8  
  97  9:26  Roach, Hydralisk  
  101  9:44  Zergling x2  
  101  9:45  Zergling x12  
  108  10:03  Muscular Augments  
  108  10:05  Hydralisk  
  110  10:15  Hydralisk  
  110  10:19  Drone x7  
  119  10:26  Extractor  
  119  10:27  Extractor  
  110  10:52  Zergling x2  
  110  10:53  Zergling x24  
  103  10:57  Zergling x2  
  82  11:13  Hydralisk  
  82  11:14  Hydralisk x5  
  83  11:19  Zergling x2  
  83  11:20  Zergling x2  
  77  11:48  Zergling x20  
  77  11:53  Extractor  
  86  11:55  Extractor  
  86  11:59  Hatchery  
  83  12:06  Zergling x2, Overlord  
  83  12:07  Overlord x3  
  84  12:13  Hydralisk x3  
  90  12:26  Hydralisk  
  90  12:27  Hydralisk x5  
  102  12:35  Roach  
  102  12:36  Roach  
  106  12:43  Roach  
  114  12:44  Roach x4  
  116  12:54  Hydralisk  
  116  12:55  Hydralisk x2  
  122  13:03  Hydralisk  
  122  13:05  Roach, Zergling x2  
  126  13:06  Zergling x8  
  126  13:07  Overlord  
  126  13:11  Overlord  
  126  13:12  Overlord x6  
  131  13:24  Roach  
  131  13:25  Roach x5  
  143  13:30  Ravager x2  
  143  13:31  Hatchery  
  144  13:45  Hydralisk  
  144  13:46  Roach  
  144  13:47  Roach x4  
  156  13:57  Hydralisk  
  156  13:58  Roach x3  
  145  14:11  Roach  
  145  14:12  Roach x4, Zergling x12  
  161  14:24  Hydralisk  
  161  14:25  Hydralisk x2  
  161  14:26  Roach  
  161  14:45  Zergling x4  
  121  14:46  Zergling x12  
  121  14:52  Hydralisk x3  
Tags
 
Add a new tag
Caveats
  • Supply blocks, unpowered buildings, or Contaminate may cause inaccurate times.
  • Supply counts are checked every 10 seconds.